 Dungeon Sprint DCSS version 0.27-a0-909-g0721f309d1 (webtiles) character file.

Game seed: 10547237461060829119

1344 EnegeticOcto the Unseen (level 8, -4/46 HPs)
             Began as a Kobold Berserker on Apr 8, 2021.
             Was an Elder of Trog.
             Succumbed to a death drake's dark miasma
             ... in the Dungeon (Sprint II: "The Violet Keep of Menkaure").
             The game lasted 00:03:44 (610 turns).

EnegeticOcto the Unseen (Kobold Berserker)           Turns: 610, Time: 00:03:45

Health: -4/46      AC:  3    Str: 14    XL:     8   Next: 94%
Magic:  8/8        EV: 15    Int:  8    God:    Trog [****..]
Gold:   10         SH:  0    Dex: 17    Spells: 7/7 levels left

rFire    . . .     SeeInvis +   a - +0 short sword
rCold    . . .     Faith    .   (shield restricted)
rNeg     . . .     Spirit   .   b - +0 animal skin
rPois    +         Reflect  .   i - +0 mask of the Dragon {Will+ Slay+3 SInv}
rElec    .         Harm     .   j - +0 cloak {rPois}
rCorr    .         Rampage  .   (no gloves)
Will     +....     NoTele   +   (no boots)
Stlth    ++++++++..             (no amulet)
HPRegen  0.15/turn              (no ring)
MPRegen  0.11/turn              (no ring)

@: lethally poisoned (-4 -> -32), on berserk cooldown, slowed, very slow
A: small, no large weapons, nightstalker 3
a: Renounce Religion, Berserk, Trog's Hand, Brothers in Arms


You were in the Dungeon.
You worshipped Trog.
Trog was greatly pleased with you.
You visited 1 branch You collected 486 gold pieces.
You spent 476 gold pieces at shops.

Inventory:

Hand Weapons
 a - a +0 short sword (weapon)
Armour
 b - a +0 animal skin (worn)
 i - the +0 mask of the Dragon (worn) {Will+ Slay+3 SInv}
   (You bought it in a shop in the Dungeon)

   It affects your accuracy and damage with ranged weapons and melee attacks
   (+3).
   It lets you see invisible.
   It increases your willpower.
 j - a +0 cloak of poison resistance (worn)
   (You bought it in a shop in the Dungeon)
Scrolls
 h - a scroll of blinking {@r4}
Potions
 c - a potion of curing {@q1 !q}
 e - a potion of haste {@q4 !q}
 f - 2 potions of magic
 g - a potion of berserk rage
 k - a potion of brilliance {unknown}


   Skills:
 - Level 3.2 Fighting
 + Level 14.0 Short Blades
 - Level 1.5 Armour
 - Level 2.4 Dodging
 * Level 19.4 Stealth


You had 7 spell levels left.
You didn't know any spells.
Your spell library was empty.

Dungeon Overview and Level Annotations

Branches:
Dungeon (1/1)

Altars:
Fedhas
Gozag
Makhleb
Nemelex Xobeh
Okawaru
Trog
Uskayaw
Vehumet
Yredelemnul
Zin
Lugonu

Shops:
D ?[!*?(=[[![=[:


Innate Abilities, Weirdness & Mutations

You are small and have problems with some larger weapons.
You are completely attuned to the shadows.


Message History

The hornet buzzes angrily.
You hit the polar bear.
The polar bear is moderately wounded.
You hit the polar bear.
The polar bear is moderately wounded.
You hit the polar bear but do no damage.
The polar bear is moderately wounded.
The polar bear bites you!
* * * LOW HITPOINT WARNING * * *
The polar bear claws you but does no damage.
The polar bear misses you.
You closely miss the polar bear.
The polar bear is moderately wounded.
You puncture the polar bear!
The polar bear is heavily wounded.
You puncture the polar bear!
The polar bear is almost dead.
The polar bear bites you.
* * * LOW HITPOINT WARNING * * *
The polar bear closely misses you. The polar bear claws you.
* * * LOW HITPOINT WARNING * * *
You closely miss the polar bear.
The polar bear is almost dead.
You barely miss the polar bear.
The polar bear is almost dead.
You hit the polar bear.
You kill the polar bear!
Trog accepts your kill.
Your Stealth skill increases to level 19!
You feel a strong urge to attack something.
You are no longer berserk.
You are exhausted.
You feel yourself slow down.
You fail to use your ability.
The hornet closely misses you.
Really quaff
d - a potion of heal wounds {@q2 !q}?
You feel much better. The hornet misses you. The hornet closely misses you.
Your two-headed ogre goes berserk!
You can no longer call in reinforcements.
The hornet barely misses you. The hornet stings you!
The hornet completely misses you.
Your two-headed ogre hits the hornet with a +0 giant club!!
Your two-headed ogre hits the hornet with a +0 giant spiked club!!!
The hornet dies!
Trog accepts your kill.
You can now call in reinforcements.
You start resting.
Your two-headed ogre rages.
The stone wall disappears!
A swamp drake comes into view.
The swamp drake roars!
You hear an angry hiss.
You hear an angry hiss.
Your two-headed ogre hits the swamp drake with a +0 giant club!!
Your two-headed ogre closely misses the swamp drake.
The swamp drake bites your two-headed ogre.
The crystal bolt freezes the swamp drake!!
The swamp drake dies!
A crystal bolt appears from out of your range of vision.
The crystal bolt freezes your two-headed ogre!!
The crystal bolt freezes your two-headed ogre!!!
You hear a roar!
Your Short Blades skill increases to level 14!
Your two-headed ogre rages.
An arrow hits your two-headed ogre!
A death drake comes into view.
The death drake bites your two-headed ogre.
An arrow hits your two-headed ogre!
Your two-headed ogre misses the death drake.
Your two-headed ogre closely misses the death drake.
The death drake bites your two-headed ogre.
What are your orders? t - Shout!
Orders for allies: a - Attack new target. r - Retreat! s - Stop attacking. g - Guard the area. f - Follow me.
Anything else - Cancel.
Gang up on whom?
Press: ? - help, Dir - move target, f - death drake
Aim: a death drake (ally target) Attack!
Your two-headed ogre hits the death drake with a +0 giant club!!
Your two-headed ogre hits the death drake with a +0 giant spiked club!
The death drake bites your two-headed ogre but does no damage.
Your two-headed ogre barely misses the death drake.
Your two-headed ogre hits the death drake with a +0 giant spiked club!!
The death drake breathes miasma at you.
The foul vapour engulfs your two-headed ogre!
Your two-headed ogre is poisoned.
Your two-headed ogre seems to slow down.
Your two-headed ogre dies!
Your two-headed ogre's corpse disappears in a puff of smoke!
You fail to use your ability.
A crystal guardian comes into view.
You fail to use your ability.
The death drake breathes miasma at you. The foul vapour engulfs you!
* * * LOW HITPOINT WARNING * * *
You are engulfed in dark miasma.
You are lethally poisoned!
* * * LOW HITPOINT WARNING * * *
You die...

......# +....# #
#+##..# ####.# .# .
.##.#### +^##°# B
B.#....# #...# $#.
###..## ##.^#
#+###.##..# +8.# y#
#.##†..#..# #°k# .#
.<.'.##'..####°°##.#
#.####.#....###°@°##▓▓
#+# #.##....§.°°°°≈≈≈≈
.#. ###≈≈....§≈#'#####
# #l ≈§≈≈§§≈..≈#_._._.
##≈≈≈≈§≈≈≈§≈#._._._
≈≈≈§≈≈≈≈≈≈≈#_._._.
≈≈§≈≈≈§≈§≈#._._.
≈≈≈§≈≈≈≈#..


You could see a death drake (catching breath) and a crystal guardian.

Vanquished Creatures
  A yaktaur (D)
  3 polar bears (D)
  Menkaure (D)
  4 scorpions (D)
  3 worms (D)
12 creatures vanquished.

Vanquished Creatures (collateral kills)
  A hornet (D)
1 creature vanquished.

Vanquished Creatures (others)
  A swamp drake (D)
  A water moccasin (D)
2 creatures vanquished.

Grand Total: 15 creatures vanquished

Notes
Turn   | Place    | Note
-------+----------+-------------------------------------------
     0 | D        | EnegeticOcto the Kobold Berserker began the quest for the
                  | Orb.
     0 | D        | Reached XP level 1. HP: 14/14 MP: 1/1
     1 | D        | Noticed a scorpion
     1 | D        | Noticed a scorpion
     1 | D        | Noticed a scorpion
     1 | D        | Noticed a scorpion
     6 | D        | Killed a scorpion
     7 | D        | Reached skill level 6 in Short Blades
     7 | D        | Reached skill level 8 in Stealth
     7 | D        | Reached XP level 2. HP: 19/19 MP: 2/2
     7 | D        | Reached XP level 3. HP: 23/23 MP: 3/3
     7 | D        | Reached XP level 4. HP: 28/28 MP: 4/4
    11 | D        | Killed a scorpion
    12 | D        | Reached skill level 8 in Short Blades
    12 | D        | Reached skill level 10 in Stealth
    12 | D        | Reached XP level 5. HP: 24/32 MP: 5/5
    15 | D        | Reached ** piety under Trog
    16 | D        | Reached skill level 9 in Short Blades
    16 | D        | Reached skill level 12 in Stealth
    22 | D        | Reached skill level 13 in Stealth
    22 | D        | Reached XP level 6. HP: 7/37 MP: 6/6
   209 | D        | Killed a water moccasin
   218 | D        | Noticed a wyvern
   218 | D        | Noticed a wyvern
   268 | D        | Noticed a boulder beetle
   268 | D        | Noticed a boulder beetle
   276 | D        | Found Rerefuun's Jewellery Emporium.
   276 | D        | Found Nacohuw's Book Emporium.
   277 | D        | Found Qayreep's Distillery.
   277 | D        | Found Bakky's Antique Armour Shoppe.
   279 | D        | Found Inacocvisk's Antique Armour Emporium.
   279 | D        | Found Kuvio's Jewellery Shoppe.
   280 | D        | Found Laprib's Antique Weapon Shoppe.
   280 | D        | Found Laryfax's Armour Shoppe.
   281 | D        | Found Giceej Ycli's Magic Scroll Shoppe.
   281 | D        | Found Hyelog's Assorted Antiques.
   281 | D        | Found Zaireb's Armour Shoppe.
   283 | D        | Found Fefic's Armour Shoppe.
   283 | D        | Found Rerosm's Distillery.
   286 | D        | Bought the +0 mask of the Dragon {Will+ Slay+3 SInv} for
                  | 334 gold pieces
   286 | D        | Found the +0 mask of the Dragon {Will+ Slay+3 SInv}
   293 | D        | Found Fawoinokk's Magic Scroll Emporium.
   297 | D        | Noticed a manticore
   303 | D        | Bought a +0 cloak of poison resistance for 119 gold pieces
   309 | D        | Bought a glowing amethyst potion for 23 gold pieces
   319 | D        | Noticed Menkaure
   327 | D        | Killed Menkaure
   327 | D        | Reached *** piety under Trog
   328 | D        | Reached skill level 10 in Short Blades
   328 | D        | Reached skill level 14 in Stealth
   390 | D        | Reached skill level 11 in Short Blades
   399 | D        | Found an iron altar of Okawaru.
   399 | D        | Found an opulent altar of Gozag.
   400 | D        | Found a sparkling altar of Nemelex Xobeh.
   400 | D        | Found a blossoming altar of Fedhas.
   401 | D        | Found a radiant altar of Vehumet.
   401 | D        | Found a burning altar of Makhleb.
   402 | D        | Found a hide-covered altar of Uskayaw.
   482 | D        | Found a glowing silver altar of Zin.
   482 | D        | Found a bloodstained altar of Trog.
   482 | D        | Found a corrupted altar of Lugonu.
   482 | D        | Noticed a polar bear
   483 | D        | Found a basalt altar of Yredelemnul.
   483 | D        | Noticed a hornet
   483 | D        | Noticed a polar bear
   500 | D        | Killed a polar bear
   501 | D        | Reached skill level 12 in Short Blades
   501 | D        | Reached skill level 16 in Stealth
   501 | D        | Reached XP level 7. HP: 41/41 MP: 7/7
   506 | D        | Killed a polar bear
   506 | D        | Reached **** piety under Trog
   507 | D        | Reached skill level 17 in Stealth
   507 | D        | Reached XP level 8. HP: 46/46 MP: 8/8
   561 | D        | Noticed a yaktaur
   565 | D        | Noticed a polar bear
   568 | D        | Killed a yaktaur
   569 | D        | Reached skill level 13 in Short Blades
   569 | D        | Reached skill level 18 in Stealth
   581 | D        | Killed a polar bear
   582 | D        | Reached skill level 19 in Stealth
   588 | D        | Killed a hornet
   605 | D        | Reached skill level 14 in Short Blades
   605 | D        | Noticed a death drake
   608 | D        | Noticed a crystal guardian
   610 | D        | Succumbed to a death drake's dark miasma

Illustrated notes

Levels and vault maps discovered:
D:        the_violet_keep_of_menkaure [sprint2_stairs_cluster_1,
          sprint2_shoproom, sprint2_temple, sprint2_basic_supplies,
          sprint2_obstacle_1, sprint2_obstacle_6, sprint2_obstacle_4,
          sprint2_obstacle_5, sprint2_obstacle_3, sprint2_timed_cluster_1,
          sprint2_smallroom_cluster_1, sprint2_smallroom_final_cluster_1,
          sprint2_transparent_cluster_1, sprint2_second_timed_cluster_1,
          sprint2_sniper_area_1, sprint2_heavy_combat_area_1,
          sprint2_mutation_trap_area_1, sprint2_forest_area_1,
          sprint2_light_combat_area_1, sprint2_behind_water_1,
          sprint2_near_end_vault_1]

Skill      XL: |  1  2  3  4  5  6  7  8 |
---------------+-------------------------+-----
Short Blades   | 6 8 9 12 14 | 14.0
Stealth        | 8 10 13 16 17 19 | 19.4
Fighting       | |  3.2
Armour         | |  1.5
Dodging        | |  2.4

Action                   |  1- 3 |  4- 6 |  7- 9 || total
-------------------------+-------+-------+-------++-------
Melee: Short sword       |     4 |    34 |    21 ||    59
Invok: Berserk           |     1 |     3 |     1 ||     5
       Trog's Hand       |       |     2 |       ||     2
       Brothers in Arms  |       |       |     1 ||     1
  Use: Potion            |       |       |     1 ||     1
 Stab: Sleeping          |       |     1 |       ||     1
Armor: Animal skin       |       |     2 |     1 ||     3
Dodge: Dodged            |     2 |     8 |    11 ||    21

Table legend: (Time is in decaauts)
 A = Elapsed time spent in this place.
 B = Non-inter-level travel time spent in this place.
 C = Inter-level travel time spent in this place.
 D = Time resting spent in this place.
 E = Time spent auto-exploring this place.
 F = Levels seen in this place.
 G = Mean time per level.
                   A        B        C        D        E       F      G
               +--------+--------+--------+--------+--------+-----+--------+
         Total |    637 |    637 |      0 |    420 |      0 |   1 |  637.0 |
       Dungeon |    637 |    637 |      0 |    420 |      0 |   1 |  637.0 |
               +--------+--------+--------+--------+--------+-----+--------+

Top non-repeatable levels by time:
       D: 637 daAuts
